 Dungeon Crawl Stone Soup version bcrawl-1.17.3 (webtiles) character file.

Game seed: 17551506352188946413

79 Chiseanne the Ducker (level 4, -1/33 HPs)
             Began as a Mummy Archaeologist on Oct 25, 2019.
             Killed from afar by an orc wizard (9 damage)
             ... with a magic dart
             ... on level 2 of the Dungeon.
             The game lasted 00:03:06 (1790 turns).

Chiseanne the Ducker (Mummy Archaeologist)          Turns: 1790, Time: 00:03:07

Health: -1/33      AC:  9    Str: 14    XL:     4   Next: 16%
Magic:  4/4        EV: 11    Int: 14    God:
Gold:   103        SH:  0    Dex: 10    Spells: 3/3 levels left

rFire    x . .     SeeInvis .   k - +0 mace
rCold    + . .     Gourm    .   (no shield)
rNeg     + + +     Faith    .   g - +1 ring mail
rPois    ∞         Spirit   .   c - +1 hat
rElec    .         Reflect  .   (no cloak)
rCorr    .         Harm     .   (no gloves)
MR       .....     Clarity  +   d - +1 pair of boots
Stlth    +.........             (no amulet)
HPRegen  0.11/turn              (no ring)
MPRegen  0.09/turn              (no ring)

@: studying Axes
A: no food or potions, fire vulnerability, clarity, cold resistance 1, negative
energy resistance 3, torment resistance, unbreathing
a: no special abilities


You were on level 2 of the Dungeon.
You were not hungry.

You visited 1 branch of the dungeon, and saw 2 of its levels.

You collected 103 gold pieces.

Inventory:

Hand Weapons
 b - a cursed -2 spear
 k - a +0 mace (weapon)
Missiles
 h - 589 stones (quivered)
Armour
 c - a +1 hat (worn)
 d - a +1 pair of boots (worn)
 g - a +1 ring mail (worn)
Scrolls
 a - 3 scrolls of remove curse
 i - 2 scrolls of identify
Books
 e - a manual of Axes
Miscellaneous
 f - an ancient crate


   Skills:
 - Level 2.2 Fighting
 * Level 3.0(3.1) Axes
 - Level 0.7(2.0) Maces & Flails
 - Level 3.0 Dodging
 - Level 2.6 Stealth


You had 3 spell levels left.
You didn't know any spells.
Your spell library was empty.

Dungeon Overview and Level Annotations

Branches:
Dungeon (2/12)

Altars:


Innate Abilities, Weirdness & Mutations

You do not eat or drink.
Your flesh is vulnerable to fire.
You are immune to poison.
You possess an exceptional clarity of mind.
Your flesh is cold resistant. (rC+)
You are immune to negative energy. (rN+++)
You are immune to unholy pain and torment.
You can survive without breathing.


Message History

The orc wizard is moderately wounded.
The orc wizard hits you but does no damage.
You hit the orc wizard but do no damage.
The orc wizard is moderately wounded.
The orc wizard casts a spell.
The orc wizard seems to speed up.
The orc wizard hits you but does no damage.
Your ring mail prevents you from hitting the orc wizard.
The orc wizard is moderately wounded.
The orc wizard gestures wildly while chanting.
The orc wizard blinks!
Evoke which item? (* to show all) (? for menu, Esc to quit)
Okay, then.
No other missiles available.
Use F to throw any item.
No other missiles available.
Use F to throw any item.
Unknown command.
There is an open door here.
The orc wizard gestures at you while chanting.
The magic dart hits you!
You die...

.....#.#.#.########..........
####.#.#.#.# ###'#######
...#.#.#.#.# #.#
##.#'#.#<..#### #.#####
#†....#......#### #.....#
#.....#......'..# #.....#
#.....##.....##.# #.....#
#.....'.)....##.# #.....#
#...%.####'####@# #.....#
####### #.####'####.#####
#####...........#
#.............### ########
#.......o.....# #.......
#.....#....#########.......
#.....'....'...)o.....)....
#.....#....########........
#.....#....# #........


You could see an orc wizard.

Vanquished Creatures
  A worm (D:1)
  4 dart slugs
  5 leopard geckos
  4 orcs (D:2)
  4 bats
  2 giant cockroaches (D:1)
  6 hobgoblins
  6 jackals (D:1)
  7 kobolds
  A ball python (D:1)
  7 frilled lizards
  6 goblins
  2 rats
55 creatures vanquished.

Notes
Turn   | Place    | Note
-------+----------+-------------------------------------------
     0 | D:1      | Chiseanne the Mummy Archaeologist began the quest for the
                  | Orb.
     0 | D:1      | Reached XP level 1. HP: 15/15 MP: 1/1
    77 | D:1      | Reached XP level 2. HP: 18/21 MP: 2/2
   653 | D:1      | Reached XP level 3. HP: 25/27 MP: 3/3
   687 | D:1      | Reached skill level 1 in Axes
  1709 | D:2      | Reached XP level 4. HP: 32/33 MP: 4/4
  1790 | D:2      | Killed from afar by an orc wizard

Skill      XL: |  1  2  3  4 |
---------------+-------------+-----
Fighting       | 2 |  2.2
Dodging        | 3 |  3.0
Axes           | 2 3 |  3.0
Maces & Flails | |  0.7
Stealth        | |  2.6

Action                   |  1- 3 |  4- 6 || total
-------------------------+-------+-------++-------
Melee: Whip              |    88 |       ||    88
       Mace              |   110 |    46 ||   156
  Use: Scroll            |     4 |     1 ||     5
 Stab: Sleeping          |     2 |       ||     2
Armor: Robe              |    87 |       ||    87
       Ring mail         |    28 |    32 ||    60
Dodge: Dodged            |   188 |    48 ||   236
